 Dungeon Crawl Stone Soup version 0.29.1-15-g9cfb28693d (webtiles) character file.

Game seed: 9900845316413262525

2224 kingofthe the Jinx (level 9, -4/45 HPs)
             Began as a Deep Elf Conjurer on Mar 9, 2023.
             Was an Initiate of Sif Muna.
             Slain by a hornet (11 damage)
             ... on level 7 of the Dungeon.
             The game lasted 00:25:01 (8702 turns).

kingofthe the Jinx (Deep Elf Conjurer)              Turns: 8702, Time: 00:25:02

Health: -4/45      AC:  6    Str:  4    XL:     9   Next: 13%
Magic:  17/23      EV: 13    Int: 26    God:    Sif Muna [......]
Gold:   293        SH:  0    Dex: 15    Spells: 15/25 levels left

rFire   . . .      SeeInvis .   a - staff of conjuration {!a}
rCold   . . .      Faith    .   r - orb {mayhem}
rNeg    . . .      Spirit   .   f - +2 robe {Will+}
rPois   .          Reflect  .   (no helmet)
rElec   .          Harm     .   (no cloak)
rCorr   .          Rampage  .   z - +0 pair of gloves
Will    ++...                   D - +0 pair of boots
Stlth   ++........              (no amulet)
HPRegen 0.15/turn               (no ring)
MPRegen 0.18/turn               W - ring of willpower

@: lethally poisoned (-4 -> -12), flying, slowed, very slow
A: no striking features
a: Renounce Religion


You were on level 7 of the Dungeon.
You worshipped Sif Muna.
Sif Muna was noncommittal.
You visited 2 branches of the dungeon, and saw 8 of its levels.

You collected 293 gold pieces.


   Skills:
 * Level 3.9 Dodging
 + Level 3.6 Stealth
 + Level 8.5 Spellcasting
 + Level 8.0 Conjurations
 + Level 9.9 Hexes
 * Level 1.7 Translocations


You had 15 spell levels left.
You knew the following spells:

 Your Spells              Type           Power      Damage    Failure   Level
a - Magic Dart            Conj           100%       1d8       1%          1
b - Searing Ray           Conj           100%       2d8       1%          2
c - Slow                  Hex            100%       N/A       1%          1
d - Fulminant Prism       Conj/Hex       36%        3d18      1%          4
z - Blink                 Tloc           38%        N/A       4%          2

Your spell library contained the following spells:

 Spells                   Type           Power      Damage    Failure   Level
 Confusing Touch          Hex            58%        N/A       1%          3
 Dazzling Flash           Conj/Hex       100%       N/A       1%          3
 Stone Arrow              Conj/Erth      96%        3d13      3%          3
 Sandblast                Erth           22%        2d7       5%          1
 Iskenderun's Mystic Bla  Conj/Tloc      53%        2d11      7%          4
 Lesser Beckoning         Tloc           19%        N/A       8%          3
 Passwall                 Tmut/Erth      9%         N/A       9%          2
 Vampiric Draining        Necr           11%        2d6       16%         3
 Manifold Assault         Tloc           19%        N/A       58%         5

Inventory:

Hand Weapons
 b - a +3 hand axe
 y - a +2 vampiric dagger
 A - a +2 whip of freezing
Armour
 f - a +2 robe of willpower (worn)
 r - an orb of mayhem (worn)
 z - a +0 pair of gloves (worn)
 B - a +1 robe of cold resistance
 D - a +0 pair of boots (worn)
Magical Staves
 a - a staff of conjuration (weapon) {!a}
 d - a staff of earth {!a}
 m - a staff of air {!a}
Jewellery
 C - a ring of ice
 F - a ring of fire
 W - a ring of willpower (right hand)
Wands
 p - a wand of charming (16)
 w - a wand of quicksilver (10)
 G - a wand of roots (12)
Scrolls
 c - a scroll of amnesia {unknown}
 g - 3 scrolls of teleportation {unknown}
 h - a scroll of blinking {unknown}
 j - a scroll of poison {unknown}
 l - a scroll of acquirement {unknown}
 n - 4 scrolls of identify {unknown}
 o - a scroll of fog {unknown}
 s - a scroll of silence {unknown}
 u - a scroll of torment {unknown}
 v - a scroll of vulnerability {unknown}
 E - a scroll of enchant weapon {unknown}
 J - a scroll of enchant armour {unknown}
Potions
 e - 2 potions of heal wounds {@q2}
 i - 2 potions of haste {unknown}
 k - 2 potions of curing {unknown}
 q - a potion of attraction {unknown}
 t - 2 potions of magic
 x - 2 potions of flight
 H - a potion of mutation {unknown}
 I - a potion of berserk rage {unknown}
 K - a potion of might {unknown}

Dungeon Overview and Level Annotations

Branches:
Dungeon (7/15)             Temple (1/1) D:5

Altars:
Ashenzari
Cheibriados
Dithmenos
Elyvilon
Fedhas
Gozag
Hepliaklqana
Kikubaaqudgha
Makhleb
Nemelex Xobeh
Okawaru
Ru
Sif Muna
Uskayaw
Vehumet
Xom
Yredelemnul
Zin
The Shining One

Annotations:
D:3 2 transporters, 3 runed translucent doors, croobank's ghost, amateur OpTm; hero57213's ghost, amateur MiFi
D:4 2 transporters, Edmund; Seidenschwarz's ghost, novice MiFi

#+# .. ########..
...######
....#...
...(....# ......#
#.......# #....#
#........ ##....#
#........ #...@.#
#........
#..F..y.#
#........
#.#####.#
#<......#
....#+##.......#
#.###....########
#!.......#
#####....# #....#
#....#


You could see a hornet and a bullfrog.


Message History

You fly up into the air.
You feel very sick.
The hornet stings you but does no damage.
It was a potion of heal wounds.
You feel much better.
You feel sick. The hornet stings you.
You are more poisoned.
You feel as though you will be slow longer.
The hornet completely misses you. The hornet misses you.
A bullfrog comes into view.
Casting: Blink (safe; 4% risk of failure)
Confirm with . or Enter, or press ? or * to list all spells.
Aiming: Searing Ray (safe; 1% risk of failure)
Press: ? - help, Shift-Dir - straight line, f/p - hornet
Aim: a hornet (74% to hit)
You feel a surge of power!
The searing ray hits the hornet.
The hornet is lightly wounded. (Press . to maintain the ray.)
The bullfrog gives a loud, deep croak!
You feel stable enough to blink again.
* * * LOW HITPOINT WARNING * * *
You feel very sick. The hornet stings you.
* * * LOW HITPOINT WARNING * * *
You feel as though you will be slow longer.
The hornet completely misses you.
The searing ray misses the hornet.
* * * LOW HITPOINT WARNING * * *
You feel very sick. The hornet stings you!
You die...

Skill      XL: |  1  2  3  4  5  6  7  8  9 |
---------------+----------------------------+-----
Dodging        | 3 |  3.9
Spellcasting   | 4 5 6 7 8 |  8.5
Stealth        | 3 |  3.6
Conjurations   | 5 6 7 8 |  8.0
Hexes          | 2 3 5 8 9 |  9.9
Translocations | 1 |  1.7

Action                   |  1- 3 |  4- 6 |  7- 9 || total
-------------------------+-------+-------+-------++-------
Melee: Unarmed           |     6 |       |       ||     6
       Hand axe          |       |     3 |       ||     3
 Cast: Magic Dart        |    85 |    82 |    62 ||   229
       Searing Ray       |    11 |    18 |    26 ||    55
       Slow              |       |     1 |    13 ||    14
       Fulminant Prism   |       |       |    11 ||    11
       Blink             |       |       |     1 ||     1
Evoke: Wand              |       |       |     3 ||     3
  Use: Potion            |       |       |     2 ||     2
Armor: Robe              |     4 |     3 |     3 ||    10
Dodge: Dodged            |    20 |    10 |    24 ||    54

Levels and vault maps discovered:
D:1:      kennysheep_arrival_forest, layout_basic
D:2:      layout_basic
D:3:      layout_loops_ring, mainiacjoe_overflow_surrounded_room,
          nicolae_yredelemnul_ghost_church, gammafunk_ghost_stat_death
D:4:      layout_basic, nicolae_gozag_cash_rules_everything_around_me,
          gammafunk_ghost_gnarly_gnolls, minmay_misc_feat_rows,
          hangedman_decor_opposing, st_stairs_12, minmay_splitting_lines,
          nicolae_concentric_dashed_squares_mild, chequers_serial_rivers_marsh,
          kennysheep_path_1, uniq_edmund, uniq_duvessa
D:5:      layout_basic, nicolae_hepliaklqana_ecumenical_no_more,
          mainiacjoe_overflow_six_doors_small, minmay_temple_entry_proselytizer,
          uniq_pikel, uniq_grinder, uniq_menkaure, uniq_ijyb
D:6:      lemuel_ice_spiral_2, layout_basic,
          mainiacjoe_overflow_concentric_impassable, grunt_temple_overflow_open,
          uniq_blork_the_orc
D:7:      layout_basic
Temple:   nicolae_temple_bog_church

Notes
Turn   | Place    | Note
-------+----------+-------------------------------------------
     0 | D:1      | kingofthe the Deep Elf Conjurer began the quest for the
                  | Orb.
     0 | D:1      | Reached XP level 1. HP: 10/10 MP: 6/6
   374 | D:1      | HP: 1/10 [quokka (3)]
   383 | D:1      | Reached XP level 2. HP: 2/15 MP: 0/8
   886 | D:1      | Learned a level 2 spell: Searing Ray
  1384 | D:2      | Reached skill level 3 in Dodging
  1437 | D:2      | Reached XP level 3. HP: 15/19 MP: 1/10
  2247 | D:3      | Reached skill level 4 in Spellcasting
  2357 | D:3      | Reached skill level 3 in Stealth
  2357 | D:3      | Reached skill level 5 in Conjurations
  2421 | D:3      | Found a transporter.
  2446 | D:3      | Noticed hero57213's ghost (amateur MiFi)
  2459 | D:3      | Found a transporter.
  2657 | D:3      | Found a broken altar of Ashenzari.
  2758 | D:3      | Found a runed translucent gate.
  2758 | D:3      | Found a runed translucent gate.
  2758 | D:3      | Found a runed translucent gate.
  2758 | D:3      | Noticed croobank's ghost (amateur OpTm)
  2760 | D:3      | Found a basalt altar of Yredelemnul.
  2768 | D:3      | Reached XP level 4. HP: 21/24 MP: 4/12
  2954 | D:3      | Learned a level 1 spell: Slow
  2959 | D:3      | Learned a level 4 spell: Fulminant Prism
  3214 | D:3      | Reached skill level 1 in Hexes
  3573 | D:4      | HP: 2/24 [gnoll/+0 whip (8)]
  3575 | D:4      | Reached skill level 2 in Hexes
  3575 | D:4      | Reached XP level 5. HP: 3/28 MP: 8/14
  3965 | D:4      | Reached skill level 5 in Spellcasting
  3965 | D:4      | Reached skill level 3 in Hexes
  4099 | D:4      | Found an opulent altar of Gozag.
  4306 | D:4      | Noticed Edmund
  4524 | D:4      | Reached XP level 6. HP: 32/32 MP: 10/15
  4731 | D:4      | Noticed Duvessa
  4732 | D:4      | Noticed Dowan
  4762 | D:4      | Killed Duvessa
  4763 | D:4      | Reached skill level 6 in Conjurations
  4763 | D:4      | Reached skill level 4 in Hexes
  4974 | D:4      | Killed Dowan
  4975 | D:4      | Reached skill level 5 in Hexes
  5264 | D:4      | Reached skill level 6 in Spellcasting
  5264 | D:4      | Reached XP level 7. HP: 36/36 MP: 12/18
  5370 | D:4      | Noticed Seidenschwarz's ghost (novice MiFi)
  5531 | D:4      | Found a transporter.
  5537 | D:4      | Found a transporter.
  5540 | D:4      | Identified the +8 spear of Ninubul {chaos, rElec rN+}
  5648 | D:5      | Entered Level 5 of the Dungeon
  5862 | D:5      | Reached skill level 6 in Hexes
  5961 | D:5      | Noticed Menkaure
  5972 | D:5      | Killed Menkaure
  6328 | D:5      | Reached skill level 7 in Hexes
  6358 | D:5      | Noticed Pikel
  6494 | D:5      | Found a hide-covered altar of Uskayaw.
  6545 | D:5      | Found a staircase to the Ecumenical Temple.
  6554 | Temple   | Entered the Ecumenical Temple
  6845 | D:5      | Killed Pikel
  6846 | D:5      | Reached skill level 7 in Spellcasting
  6846 | D:5      | Reached skill level 7 in Conjurations
  6846 | D:5      | Reached skill level 8 in Hexes
  6846 | D:5      | Reached XP level 8. HP: 37/41 MP: 9/21
  7293 | D:5      | Found a faded altar of an unknown god.
  7293 | D:5      | Found a faded altar of an unknown god.
  7293 | D:5      | Found a hazy altar of Hepliaklqana.
  7293 | D:5      | Noticed Grinder
  7297 | D:5      | Reached skill level 9 in Hexes
  7302 | D:5      | Killed Grinder
  7303 | D:5      | Reached skill level 8 in Spellcasting
  7374 | D:5      | Found a faded altar of an unknown god.
  7473 | D:5      | Noticed Ijyb
  7476 | D:5      | Killed Ijyb
  7682 | D:6      | Found a snail-covered altar of Cheibriados.
  7714 | D:6      | Learned a level 2 spell: Blink
  7763 | D:6      | Reached XP level 9. HP: 45/45 MP: 17/23
  7770 | D:6      | Reached skill level 1 in Translocations
  7809 | D:6      | Noticed Blork the orc
  8027 | D:6      | Reached skill level 8 in Conjurations
  8106 | D:6      | Found a shimmering blue altar of Sif Muna.
  8150 | D:6      | Found a sparkling altar of Nemelex Xobeh.
  8152 | D:6      | Became a worshipper of Sif Muna the Loreminder
  8331 | D:6      | Killed Blork the orc
  8696 | D:7      | Paralysed by a hornet for 2 turns
  8702 | D:7      | Slain by a hornet

Vanquished Creatures
  Pikel (D:5)
  Grinder (D:5)
  Menkaure (D:5)
  Duvessa (D:4)
  2 ogres
  4 lemures (D:5)
  3 necrophages
  A scorpion (D:5)
  Dowan (D:4)
  A howler monkey (D:6)
  A jelly (D:4)
  A gnoll bouda (D:6)
  2 orc priests (D:5)
  2 hounds (D:6)
  Ijyb (D:5)
  6 iguanas
  5 orc wizards
  14 gnolls
  8 adders
  A shadow imp (D:3)
  2 white imps (D:6)
  2 worms (D:2)
  3 dart slugs
  14 orcs
  9 endoplasms
  3 giant cockroaches (D:3)
  5 goblins
  7 hobgoblins
  4 jackals (D:3)
  3 quokkas
  4 ball pythons
  A ball python zombie (D:3)
  4 bats
  5 frilled lizards
  9 kobolds
  A quokka zombie (D:3)
  5 rats
138 creatures vanquished.

Vanquished Creatures (collateral kills)
  A gnoll bouda (D:4)
  A fulminant prism (D:5)
2 creatures vanquished.

Vanquished Creatures (others)
  Blork the orc (D:6)
  A dart slug (D:4)
  10 fulminant prisms
  6 plants (D:4)
18 creatures vanquished.

Grand Total: 158 creatures vanquished

Table legend: (Time is in decaauts)
 A = Elapsed time spent in this place.
 B = Non-inter-level travel time spent in this place.
 C = Inter-level travel time spent in this place.
 D = Time resting spent in this place.
 E = Time spent auto-exploring this place.
 F = Levels seen in this place.
 G = Mean time per level.
                   A        B        C        D        E       F      G
               +--------+--------+--------+--------+--------+-----+--------+
         Total |   8713 |   8554 |    159 |   1304 |   6183 |   8 | 1089.1 |
       Dungeon |   8507 |   8353 |    154 |   1304 |   5990 |   7 | 1215.3 |
        Temple |    206 |    201 |      5 |      0 |    192 |   1 |  206.0 |
               +--------+--------+--------+--------+--------+-----+--------+

Top non-repeatable levels by time:
     D:5: 1935 daAuts
     D:4: 1870 daAuts
     D:3: 1481 daAuts
     D:1: 1224 daAuts
     D:2: 1075 daAuts
     D:6: 904 daAuts
  Temple: 206 daAuts
     D:7: 15 daAuts

Table legend:
 A = Non-vault XP
 B = Vault XP
 C = Vault XP percentage of total XP
 D = Non-vault monster count
 E = Vault monster count
 F = Vault count percentage of total count
                 A         B        C        D         E       F
            +---------+---------+-------+---------+---------+-------
      Total |    1770 |    1408 |  44.3 |     124 |      11 |   8.1
            +---------+---------+-------+---------+---------+-------
        D:1 |      29 |       0 |   0.0 |      17 |       0 |   0.0
        D:2 |      38 |       0 |   0.0 |      18 |       0 |   0.0
        D:3 |      75 |       2 |   2.6 |      26 |       2 |   7.1
        D:4 |     401 |     226 |  36.0 |      26 |       4 |  13.3
        D:5 |     608 |    1180 |  66.0 |      19 |       5 |  20.8
        D:6 |     619 |       0 |   0.0 |      18 |       0 |   0.0
            +---------+---------+-------+---------+---------+-------
